 Dungeon Crawl Stone Soup version 0.16.1 (webtiles) character file.

2154 Sixotanaka the Scholar of Death (level 9, -3/56 (57) HPs)
             Began as a Human Necromancer on Mar 24, 2015.
             Was a Follower of Kikubaaqudgha.
             Slain by a raven (13 damage)
             ... led by a tengu conjurer
             ... on level 9 of the Dungeon.
             The game lasted 00:33:42 (10230 turns).

Sixotanaka the Scholar of Death (HuNe)             Turns: 10230, Time: 00:33:42

HP:   -3/56 (57)    AC:  5    Str:  8    XL:     9   Next: 56%
MP:   13/14         EV: 12    Int: 18    God:    Kikubaaqudgha [*.....]
Gold: 330           SH:  0    Dex: 15    Spells: 3 memorised, 4 levels left

rFire  . . .     SeeInvis .     H - +4 flail
rCold  + . .     Clarity  .     s - +0 leather armour
rNeg   . . .     SustAb   .     (no shield)
rPois  .         Gourm    .     x - +0 helmet
rElec  .         Spirit   .     h - +0 cloak
rCorr  .         Warding  .     (no gloves)
rMut   .         Stasis   .     (no boots)
MR     .....                    r - amulet of regeneration
Stlth  ++........               a - ring of wizardry
                                o - ring of protection from cold

@: not resistant to hostile enchantments, unstealthy
A: no striking features
a: Receive Corpses, Renounce Religion


You were on level 9 of the Dungeon.
You worshipped Kikubaaqudgha.
Kikubaaqudgha was aware of your devotion.
You were not hungry.

You visited 2 branches of the dungeon, and saw 10 of its levels.

You collected 330 gold pieces.


   Skills:
 + Level 7.8 Maces & Flails
 - Level 2.0 Dodging
 - Level 2.0 Stealth
 - Level 2.0 Spellcasting
 + Level 9.9 Necromancy


You had 4 spell levels left.
You knew the following spells:

 Your Spells              Type           Power        Failure   Level  Hunger
g - Regeneration          Chrm/Necr      ###.......   6%          3    ###....
x - Animate Dead          Necr           N/A          2%          4    #####..
z - Pain                  Necr           ####         1%          1    #......


Dungeon Overview and Level Annotations

Branches:
Dungeon (9/15)             Temple (1/1) D:4
   Lair: D:8-11         Orc: D:9-12

Altars:
Ashenzari
Cheibriados
Dithmenos
Elyvilon
Fedhas
Gozag
Kikubaaqudgha
Makhleb
Nemelex Xobeh
Okawaru
Qazlal
Ru
Sif Muna
Trog
Vehumet
Xom
Yredelemnul
Zin
The Shining One

Annotations:
D:6 edsrzf's ghost, experienced NaTm

Inventory:

Hand weapons
 k - a +0 whip of venom
   (You found it on level 1 of the Dungeon)
 C - a +0 blowgun
 H - a +4 flail (weapon)
Missiles
 e - 47 poisoned needles
 f - 30 stones (quivered)
Armour
 h - a +0 cloak (worn)
 s - a +0 leather armour (worn)
 x - a +0 helmet (worn)
 G - a +1 robe of magic resistance
   (You took it off an orc wizard on level 9 of the Dungeon)
Jewellery
 a - a ring of wizardry (right hand)
 o - a ring of protection from cold (left hand)
 p - an uncursed ring of stealth
 r - an amulet of regeneration (around neck)
Magical devices
 v - a wand of invisibility (4)
 y - a wand of digging (14)
Scrolls
 b - a scroll of teleportation {@r4}
 g - 4 scrolls of remove curse {@r2}
 l - 2 scrolls of magic mapping
 q - a scroll of blinking
 w - a scroll of random uselessness {unknown}
 E - a scroll of enchant weapon {unknown}
Potions
 d - a potion of magic
 i - a potion of curing {@q1}
 j - a potion of restore abilities
 m - a potion of flight {unknown}
 n - 2 potions of lignification {unknown}
 t - a potion of haste {unknown}
 z - 2 potions of heal wounds {unknown}
 B - a potion of berserk rage {unknown}
Books
 A - Kikubaaqudgha's Collected Works on Unholy Rites
   (Kikubaaqudgha gifted it to you on level 6 of the Dungeon)

   Spells                             Type                      Level
   a - Animate Skeleton               Necromancy                   1
   b - Corpse Rot                     Necromancy                   2
   c - Sublimation of Blood           Necromancy                   2
   d - Regeneration                   Charms/Necromancy            3
   e - Control Undead                 Necromancy                   4
 F - a book of Enchantments
Comestibles
 u - a fruit

#...# #...##############.
#...>..............
#....#......##.###.
#....#.#....#....#
######....#.#.).....#.#
..........#.#...).....#
..........#......)..###.#
...............b@.<.....#
.......##.###..)#########
.......'...Ql...........
.......##.#############
......Z##.# .......##Z#
####'####)# #.#
#.lb....... #.#
#.....l...


You could see a tengu warrior, a raven and an iguana.


Message History

You hit the hungry ghost! The hungry ghost closely misses you.
You miss the hungry ghost. The hungry ghost hits you.
You are feeling very hungry.
You hit the hungry ghost!
The hungry ghost hits you but does no damage.
You barely miss the hungry ghost.
The hungry ghost hits you but does no damage.
You miss the hungry ghost. The hungry ghost barely misses you.
You hit the hungry ghost. The hungry ghost closely misses you.
You completely miss the hungry ghost. The hungry ghost barely misses you.
You closely miss the hungry ghost. The hungry ghost hits you.
You are near starving!
You hit the hungry ghost. The hungry ghost hits you.
You feel somewhat more hungry.
You hit the hungry ghost! The hungry ghost closely misses you.
Unknown command.
You hit the hungry ghost!
You destroy the hungry ghost!
An iguana and a tengu warrior come into view.
The tengu warrior shouts!
The raven caws.
Found a fine sapphire amulet.
Okay, then.
Your skin crawls.
The iguana hisses angrily.
You are starving!
A tengu conjurer comes into view.
Eat which item? (? for menu, Esc to quit)
Okay, then.
You swap places.
The raven barely misses your big kobold zombie.
The raven claws your big kobold zombie!
Your big kobold zombie hits the raven with a short sword.
You swap places.
The raven barely misses your big kobold zombie.
The raven claws your big kobold zombie. The raven pecks your big kobold zombie.
The raven claws your big kobold zombie!
Your skin is crawling a little less now.
The raven barely misses your big kobold zombie.
The raven claws your big kobold zombie!
The raven barely misses your big kobold zombie.
The raven claws your big kobold zombie.
Your big kobold zombie hits the raven with a short sword.
Something pecks your big kobold zombie.
Something claws your big kobold zombie but does no damage.
Something pecks your big kobold zombie!
Your big kobold zombie is destroyed!
Things that are here:
a ring mail; a club You see here a +5 club.
Your skin stops crawling.
You see here an uncursed short sword.
The raven pecks you! The raven barely misses you.
Eat which item? (? for menu, Esc to quit)
The raven pecks you! The raven claws you. The raven pecks you.
The raven claws you.
You continue eating.
The raven pecks you.
* * * LOW HITPOINT WARNING * * *
The raven claws you but does no damage. The raven pecks you.
* * * LOW HITPOINT WARNING * * *
The raven claws you.
* * * LOW HITPOINT WARNING * * *
You continue eating.
The raven pecks you!
* * * LOW HITPOINT WARNING * * *
The raven claws you.
* * * LOW HITPOINT WARNING * * *
The raven pecks you!
You die...
Kikubaaqudgha rasps: "You have failed me!
Welcome... death!"

Action                   |  1- 3 |  4- 6 |  7- 9 || total
-------------------------+-------+-------+-------++-------
Melee: Club              |     7 |    14 |   191 ||   212
       Whip              |     4 |    51 |       ||    55
       Flail             |       |       |    11 ||    11
Throw: Stone             |     5 |     1 |    10 ||    16
 Cast: Pain              |    71 |    98 |   187 ||   356
       Animate Dead      |       |     6 |    15 ||    21
       Regeneration      |       |     1 |    13 ||    14
  Use: Scroll            |     2 |     6 |     5 ||    13
 Stab: Sleeping          |       |     3 |     1 ||     4
       Distracted        |       |       |     1 ||     1
  Eat: Chunk             |     5 |     5 |     9 ||    19
       Meat ration       |       |     1 |     1 ||     2
       Pizza             |       |     1 |       ||     1
       Bread ration      |       |       |     3 ||     3
       Fruit             |       |       |     3 ||     3

Vault maps used:
D:1:      dpeg_arrival_pits, minmay_misc_feat_enclosed
D:2:      minmay_statues_item, roderic_serpentine_path, uniq_terence
D:3:      uniq_jessica
D:4:      okawaru_trees_2, lemuel_temple_firewalk
D:5:      first_bread, basic_altar, hangedman_abyss_or_decor_stagger
D:7:      minmay_klotski, gammafunk_temple_overflow_pools
D:9:      hangedman_tell_no_tales, uniq_pikel
Temple:   lightli_temple_of_artemis

Notes
Turn   | Place    | Note
--------------------------------------------------------------
     0 | D:1      | Sixotanaka, the Human Necromancer, began the quest for the Orb.
     0 | D:1      | Reached XP level 1. HP: 13/13 MP: 3/3
   313 | D:1      | Reached XP level 2. HP: 19/19 MP: 2/4
   387 | D:1      | HP: 4/19 [hobgoblin/club (4)]
   995 | D:1      | Reached XP level 3. HP: 20/24 MP: 1/6
  1442 | D:1      | Reached skill level 5 in Necromancy
  1748 | D:1      | HP: 6/24 [worm (9)]
  2077 | D:2      | Noticed Terence
  2084 | D:2      | Killed Terence
  2084 | D:2      | Reached XP level 4. HP: 26/30 MP: 2/7
  2558 | D:2      | Reached XP level 5. HP: 33/35 MP: 6/9
  2565 | D:2      | Learned a level 3 spell: Regeneration
  2570 | D:2      | Learned a level 4 spell: Animate Dead
  2778 | D:2      | Reached skill level 6 in Necromancy
  2904 | D:3      | Noticed Jessica
  2916 | D:3      | Reached skill level 1 in Maces & Flails
  3148 | D:3      | Killed Jessica
  3409 | D:3      | Reached XP level 6. HP: 38/40 MP: 8/10
  3615 | D:3      | Reached skill level 2 in Maces & Flails
  3864 | D:4      | Found an iron altar of Okawaru.
  3970 | D:4      | HP: 7/40 [phantom (6)]
  4425 | D:4      | Reached skill level 3 in Maces & Flails
  4682 | D:4      | Reached skill level 7 in Necromancy
  4682 | D:4      | Reached XP level 7. HP: 40/45 MP: 7/12
  4740 | D:4      | Noticed Tomod's ghost (average MiBe)
  4774 | D:4      | HP: 7/45 [Tomod's ghost (14)]
  4814 | D:4      | Killed Tomod's ghost
  5039 | D:4      | Found a staircase to the Ecumenical Temple.
  5137 | Temple   | Entered the Ecumenical Temple
  5157 | Temple   | Became a worshipper of Kikubaaqudgha
  5211 | D:5      | Entered Level 5 of the Dungeon
  5361 | D:5      | Reached skill level 4 in Maces & Flails
  5609 | D:5      | Reached XP level 8. HP: 38/51 MP: 6/13
  5759 | D:5      | Reached skill level 8 in Necromancy
  5813 | D:5      | Reached skill level 5 in Maces & Flails
  6093 | D:5      | Fiveotanaka: wtf
  6093 | D:5      | Fiveotanaka: water mocassin on d3, hill giant d5
  6115 | D:5      | Found a shattered altar of Ashenzari.
  6673 | D:6      | Noticed edsrzf's ghost (experienced NaTm)
  7391 | D:6      | Acquired Kikubaaqudgha's first power
  7391 | D:6      | Received a gift from Kikubaaqudgha
  7490 | D:6      | Identified Kikubaaqudgha's Collected Works on Unholy Rites (Kikubaaqudgha gifted it to you on level 6 of the Dungeon)
  7796 | D:7      | Reached skill level 6 in Maces & Flails
  8107 | D:7      | Reached skill level 9 in Necromancy
  8485 | D:7      | Found a radiant altar of Vehumet.
  8486 | D:7      | Found a glowing silver altar of Zin.
  8497 | D:7      | Reached XP level 9. HP: 56/56 MP: 14/14
  9034 | D:7      | Reached skill level 7 in Maces & Flails
 10216 | D:9      | Noticed a tengu warrior
 10218 | D:9      | Noticed a tengu conjurer
 10230 | D:9      | HP: 10/56 [raven[a tengu conjurer] (5)]
 10230 | D:9      | Slain by a raven

Vanquished Creatures
  A hungry ghost (D:9)
  3 sky beasts
  An ice beast (D:7)
  A phantom (D:5)
  An ogre (D:4)
  A big kobold (D:9)
  A giant frog (D:6)
  2 scorpions
  2 crimson imps
  A centaur zombie (D:8)
  2 hounds
  A goliath beetle (D:6)
  6 orc priests
  A centaur skeleton (D:8)
  A giant frog zombie (D:6)
  A jelly (D:5)
  4 orc wizards
  4 worker ants
  Jessica (D:3)
  Terence (D:2)
  A worker ant zombie (D:5)
  8 adders
  A giant mite (D:6)
  2 shadow imps
  2 worms
  An ooze (D:1)
  26 orcs
  16 bats
  A bat skeleton (D:5)
  13 goblins
  19 hobgoblins
  9 jackals
  5 giant cockroaches
  5 giant geckos
  A giant newt (D:1)
  18 kobolds
  2 quokkas (D:5)
  15 rats
181 creatures vanquished.

Vanquished Creatures (collateral kills)
  The ghost of Tomod the Skirmisher, an average MiBe of Trog (D:4)
  A hippogriff (D:7)
  An ice beast (D:7)
  2 crimson imps (D:7)
  An orc wizard (D:6)
  An adder skeleton (D:6)
  A bat zombie (D:5)
  A hobgoblin (D:3)
  A kobold (D:3)
10 creatures vanquished.

Vanquished Creatures (others)
  A big kobold zombie (D:9)
  A bat skeleton (D:3)
  2 bat zombies (D:6)
  A goblin (D:4)
  A giant mite zombie (D:6)
  A hobgoblin zombie (D:2)
  A jackal zombie (D:3)
  3 kobold zombies
  9 orc zombies
20 creatures vanquished.

Grand Total: 211 creatures vanquished
